 Dungeon Crawl Stone Soup version 0.30.1-4-g462c640d31 (webtiles) character file.

Game seed: 8591945355987510813

103 arthad the Trooper (level 4, -4/24 HPs)
             Began as a Vine Stalker Berserker on Aug 24, 2023.
             Was a Believer of Trog.
             Killed from afar by an orc wizard (13 damage)
             ... with a puff of flame
             ... on level 3 of the Dungeon.
             The game lasted 00:02:44 (1750 turns).

arthad the Trooper (Vine Stalker Berserker)         Turns: 1750, Time: 00:02:44

Health: -4/24      AC:  2    Str: 21    XL:     4   Next: 79%
Magic:  0/5        EV: 12    Int:  7    God:    Trog [**....]
Gold:   111        SH:  0    Dex: 14    Spells: 3/3 levels left

rFire   . . .        n - +0 war axe
rCold   . . .        (no shield)
rNeg    . . .        b - +0 animal skin
rPois   +            (no helmet)
rElec   .            (no cloak)
rCorr   .            (no gloves)
SInv    .            (no boots)
Will    .....        (no amulet)
Stlth   +            d - ring of poison resistance
HPRegen 1.04/turn    (no ring)
MPRegen 0.09/turn

%: guardian spirit
@: no status effects
A: fangs 2, regeneration 1, magic shield, antimagic bite, no potion heal 2
a: Renounce Religion, Berserk, Trog's Hand


You were on level 3 of the Dungeon.
You worshipped Trog.
Trog was pleased with you.
You visited 1 branch of the dungeon, and saw 3 of its levels.

You collected 111 gold pieces.

Inventory:

Hand Weapons
 a - a +0 hand axe
 n - a +0 war axe (weapon)
Missiles
 j - 4 javelins (quivered)
 m - 3 boomerangs
Armour
 b - a +0 animal skin (worn)
Jewellery
 d - a ring of poison resistance (left hand)
Scrolls
 g - 2 scrolls of identify {unknown}
Potions
 c - 2 potions of berserk rage {unknown}
 e - a potion of flight {unknown}
 f - a potion of curing {unknown}
 h - 2 potions of brilliance {unknown}
 i - a potion of degeneration {unknown}
 k - a potion of lignification {unknown}
 l - a potion of mutation {unknown}


   Skills:
 * Level 3.5 Fighting
 * Level 3.4 Axes
 + Level 2.2 Armour
 + Level 2.2 Dodging


You had 3 spell levels left.
You didn't know any spells.
Your spell library was empty.

Dungeon Overview and Level Annotations

Branches:
Dungeon (3/15)

Altars:


Innate Abilities, Weirdness & Mutations

You have extremely sharp teeth.
Your natural rate of healing is unusually fast.
When hurt, damage is shared between your health and your magic reserves.
Your bite disrupts and absorbs the magic of your enemies.
Potions cannot restore your health.


Message History

The puff of flame hits you!
You barely miss the orc wizard. Your bite misses the orc wizard.
The orc wizard is severely wounded.
The orc wizard gestures at you while chanting.
You resist with some effort.
You hit the orc wizard. You bite the orc wizard.
The orc wizard's magic leaks into the air.
You drain its magic.
You feel invigorated.
The orc wizard is almost dead.
The orc wizard's magic is no longer disrupted.
The orc wizard hits you with a +0 dagger.
The orc wizard gestures wildly while chanting.
The orc wizard flickers and vanishes!
Deactivating autopickup; reactivate with Ctrl-A.
No target in view!
No target in view!
No target in view!
No target in view!
No target in view!
No target in view!
No target in view!
No target in view!
No target in view!
No target in view!
No target in view!
No target in view!
You miss something. Your bite misses something. Something hits you.
You hit something but do no damage. Your bite misses something.
Something hits you.
Things that are here:
a +0 short sword; a stone; a wand of roots (9)
You hear some strange, mumbled words.
A magic dart appears from out of thin air!
The magic dart hits you!
You miss something. Your bite misses something. Something hits you.
You hear some strange, mumbled words.
A puff of flame appears from out of thin air!
The puff of flame hits you!
Ouch! That really hurt!
You die...

.. .. ##...## .....
##############.#.###.
............. ......
.....##########..#
.....'...........# #
.....#########..†#.#
).############.{@..#
..#.........#####..#
..#.........+ ..#
............# ..#
............. ..#
............. ###
.............
.............
.............


There were no monsters in sight!

Vanquished Creatures
  3 adders (D:2)
  A worm (D:2)
  A dart slug (D:1)
  6 orcs (D:3)
  7 endoplasms
  3 giant cockroaches
  4 goblins
  7 hobgoblins
  3 jackals (D:3)
  3 quokkas
  8 ball pythons
  4 bats
  5 frilled lizards
  3 kobolds
  3 rats
61 creatures vanquished.

Notes
Turn   | Place    | Note
-------+----------+-------------------------------------------
     0 | D:1      | arthad the Vine Stalker Berserker began the quest for the
                  | Orb.
     0 | D:1      | Reached XP level 1. HP: 11/11 MP: 2/2
    76 | D:1      | Reached XP level 2. HP: 16/16 MP: 3/3
   146 | D:1      | You fall into a shaft and drop 1 floor!
   353 | D:1      | Reached XP level 3. HP: 8/20 MP: 1/4
   438 | D:1      | Reached ** piety under Trog
   746 | D:1      | Found a faded altar of an unknown god.
  1187 | D:2      | Gained mutation: Your natural rate of healing is unusually
                  | fast. [Vine Stalker growth]
  1187 | D:2      | Reached XP level 4. HP: 24/24 MP: 5/5
  1459 | D:3      | HP: 1/24 [orc/+0 war axe (8)]
  1750 | D:3      | Killed from afar by an orc wizard

Illustrated notes

Levels and vault maps discovered:
D:1:      tarquinn_simple_flora_water_b, layout_basic, basic_ecumenical_altar,
          minmay_crystal_room, grunt_decor_resistance
D:2:      layout_loops_ring, minmay_misc_feat_rugged
D:3:      layout_basic, supply_closet_lemuel, dreamdust_princess_corridor

Skill      XL: |  1  2  3 |
---------------+----------+-----
Fighting       | 3 |  3.5
Axes           | 3 |  3.4
Dodging        | 2 |  2.2
Armour         | 2 |  2.2

Action                     |  1- 3 |  4- 6 || total
---------------------------+-------+-------++-------
  Melee: Hand axe          |   112 |    31 ||   143
         Bite              |    24 |     9 ||    33
         Punch             |     1 |       ||     1
         War axe           |       |    19 ||    19
 Invoke: Trog's Hand       |     1 |     1 ||     2
         Berserk           |       |     1 ||     1
   Stab: Sleeping          |     3 |       ||     3
 Armour: Animal skin       |    24 |     8 ||    32
  Dodge: Dodged            |    62 |    24 ||    86
